 Dungeon Crawl Stone Soup version 0.23-b1-3-gdda8187c6f (webtiles) character file.

Game seed: 5149142803222365042

296 Kenran the Sneak (level 6, -1/33 HPs)
             Began as a Vine Stalker Assassin on Feb 1, 2019.
             Killed by nerve-wracking pain
             ... invoked by Grinder
              (5 damage)
             ... on level 4 of the Dungeon.
             The game lasted 00:06:25 (2660 turns).

Kenran the Sneak (Vine Stalker Assassin)            Turns: 2660, Time: 00:06:26

Health: -1/33      AC:  4    Str: 20    XL:     6   Next: 35%
Magic:  0/7        EV:  7    Int: 11    God:
Gold:   119        SH:  8    Dex: 16    Spells: 5/5 levels left

rFire    . . .     SeeInvis .   a - +0 dagger (drain)
rCold    . . .     Gourm    .   l - +0 shield
rNeg     . . .     Faith    .   c - +0 robe
rPois    .         Spirit   +   s - +0 helmet
rElec    .         Reflect  .   d - +0 cloak
rCorr    .         Harm     .   (no gloves)
MR       .....                  (no boots)
Stlth    +++.......             (no amulet)
HPRegen  0.51/turn              (no ring)
MPRegen  0.10/turn              (no ring)

@: mighty, constricted
A: fangs 2, regeneration 1, magic shield, antimagic bite, no potion heal 3, rot
immunity
a: no special abilities


You were on level 4 of the Dungeon.
You were hungry.

You visited 1 branch of the dungeon, and saw 4 of its levels.

You collected 119 gold pieces.

Inventory:

Hand Weapons
 a - a +0 dagger of draining (weapon)
 b - a +0 blowgun
 r - a +4 falchion of electrocution
Missiles
 e - 8 poisoned needles
 f - 2 curare-tipped needles
Armour
 c - a +0 robe (worn)
 d - a +0 cloak (worn)
 l - a +0 shield (worn)
 s - a +0 helmet (worn)
Wands
 h - a wand of random effects (12)
 v - a wand of flame (14)
Scrolls
 j - a scroll of amnesia {unknown}
 k - a scroll of enchant armour {unknown}
 m - a scroll of teleportation
 o - a scroll of remove curse {unknown}
 q - a scroll of fog {unknown}
 t - a scroll of identify {unknown}
Potions
 i - 2 potions of magic
 n - a potion of lignification {unknown}
 w - a potion of curing
Comestibles
 g - 3 rations


   Skills:
 - Level 4.0 Fighting
 - Level 4.0 Short Blades
 - Level 1.7 Throwing
 + Level 1.9 Dodging
 - Level 4.8 Stealth
 + Level 0.3 Shields


You had 5 spell levels left.
You didn't know any spells.
Your spell library was empty.

Dungeon Overview and Level Annotations

Branches:
Dungeon (4/15)
 Temple: D:4-7

Altars:
Dithmenos
Zin

Annotations:
D:3 3 runed translucent doors, megalastik's ghost, amateur FoFi
D:4 Grinder


Innate Abilities, Weirdness & Mutations

You have extremely sharp teeth.
Your natural rate of healing is unusually fast.
When hurt, damage is shared between your health and your magic reserves.
Your bite disrupts and absorbs the magic of your enemies.
Potions cannot restore your health.
You are immune to rotting.


Message History

You can move again.
Unknown command.
Unknown command.
You have no ailments to cure.
You feel very mighty all of a sudden. The ball python closely misses you.
You block the ball python's attack. Grinder misses you.
You block the ball python's attack. The ball python barely misses you.
Your shield prevents you from hitting Grinder.
Grinder is moderately wounded.
The ball python misses you. You block the ball python's attack.
Grinder misses you.
You puncture Grinder! Your bite misses Grinder.
Grinder is heavily wounded.
You block the ball python's attack. The ball python grabs you.
* * * LOW HITPOINT WARNING * * *
The ball python constricts you. Grinder gestures at you.
Pain shoots through your body!
You die...

#. .# . .
.##. ...
..# #.# #S#
#@# #5#
##.## #..†#
#...#
#......
#.$.......
###.......#
#.#..§##>


You could see Grinder and a ball python.

Vanquished Creatures
  Crazy Yiuf (D:3)
  Jessica (D:3)
  Natasha (thrice) (D:3)
  Robin (D:3)
  8 adders
  An ooze (D:1)
  A worm (D:2)
  2 dart slugs
  A leopard gecko (D:2)
  An orc (D:3)
  22 goblins
  3 hobgoblins
  3 jackals (D:2)
  6 kobolds
  3 quokkas
  5 bats
  6 frilled lizards
  11 rats
79 creatures vanquished.

Notes
Turn   | Place    | Note
-------+----------+-------------------------------------------
     0 | D:1      | Kenran the Vine Stalker Assassin began the quest for the
                  | Orb.
     0 | D:1      | Reached XP level 1. HP: 11/11 MP: 2/2
   111 | D:1      | Reached XP level 2. HP: 12/16 MP: 3/3
   371 | D:1      | You fall through a shaft!
   453 | D:2      | Reached XP level 3. HP: 3/20 MP: 4/4
  1162 | D:2      | Gained mutation: Your natural rate of healing is unusually
                  | fast. [Vine Stalker growth]
  1162 | D:2      | Reached XP level 4. HP: 24/24 MP: 5/5
  1207 | D:2      | Found a shadowy altar of Dithmenos.
  1377 | D:2      | Found a glowing silver altar of Zin.
  1493 | D:3      | Found a runed translucent gate.
  1493 | D:3      | Found a runed translucent gate.
  1493 | D:3      | Found a runed translucent gate.
  1495 | D:3      | Noticed megalastik's ghost (amateur FoFi)
  1641 | D:3      | Reached XP level 5. HP: 28/28 MP: 6/6
  1691 | D:3      | Noticed Jessica
  1698 | D:3      | Killed Jessica
  1718 | D:3      | Noticed Natasha
  1739 | D:3      | Killed Natasha
  1907 | D:3      | Noticed Natasha
  1921 | D:3      | Killed Natasha
  2000 | D:3      | Noticed Robin
  2018 | D:3      | Killed Robin
  2030 | D:3      | Reached XP level 6. HP: 31/33 MP: 7/7
  2043 | D:3      | Reached skill level 1 in Dodging
  2153 | D:3      | Found a runed translucent door.
  2154 | D:3      | Noticed Crazy Yiuf
  2354 | D:3      | Noticed Natasha
  2376 | D:3      | Killed Natasha
  2563 | D:3      | Killed Crazy Yiuf
  2634 | D:4      | Noticed Grinder
  2652 | D:4      | Paralysed by Grinder for 5 turns
  2660 | D:4      | Killed from afar by Grinder

Skill      XL: |  1  2  3  4  5  6 |
---------------+-------------------+-----
Fighting       | 2 3 4 |  4.0
Short Blades   | 2 3 4 |  4.0
Dodging        | 1 |  1.9
Throwing       | |  1.7
Stealth        | |  4.8
Shields        | |  0.3

Action                   |  1- 3 |  4- 6 || total
-------------------------+-------+-------++-------
Melee: Dagger            |    89 |   151 ||   240
       Bite              |    18 |    36 ||    54
Evoke: Wand              |       |     5 ||     5
  Use: Potion            |     2 |     2 ||     4
       Scroll            |     1 |       ||     1
 Stab: Sleeping          |     6 |    12 ||    18
  Eat: Chunk             |     1 |     4 ||     5
Armor: Robe              |    17 |    24 ||    41
Dodge: Dodged            |    41 |    57 ||    98
Block: Shield            |       |    15 ||    15
